 Dungeon Crawl Stone Soup version 0.24-a0-201-gf205589 (webtiles) character file.

Game seed: 8503155599034855037

93 Hasart the Insei (level 4, 0/29 HPs)
             Began as an Octopode Transmuter on Mar 22, 2019.
             Killed from afar by Sigmund (6 damage)
             ... with a puff of flame
             ... on level 2 of the Dungeon.
             The game lasted 00:04:46 (1773 turns).

Hasart the Insei (Octopode Transmuter)              Turns: 1773, Time: 00:04:46

Health: 0/29       AC:  1    Str: 10    XL:     4   Next: 62%
Magic:  7/7        EV: 14    Int: 15    God:
Gold:   115        SH:  0    Dex: 12    Spells: 4/7 levels left

rFire    . . .     SeeInvis .     - Unarmed
rCold    . . .     Gourm    .   (no shield)
rNeg     . . .     Faith    .   (helmet restricted)
rPois    .         Spirit   .   (no amulet)
rElec    .         Reflect  .   (no ring)
rCorr    .         Harm     .   (no ring)
MR       .....                  (no ring)
Stlth    ++........             (no ring)
HPRegen  0.09/turn              (no ring)
MPRegen  0.10/turn              (no ring)
                                (no ring)
                                (no ring)

@: no status effects
A: almost no armour, stealthy swim, amphibious, 8 rings, constrict 8, camouflage
1, gelatinous body 1
a: no special abilities


You were on level 2 of the Dungeon.
You were not hungry.

You visited 1 branch of the dungeon, and saw 2 of its levels.

You collected 115 gold pieces.

Inventory:

Missiles
 a - 30 arrows
Jewellery
 m - an uncursed ring of fire
Scrolls
 b - 3 scrolls of enchant armour {unknown}
 d - 3 scrolls of identify {unknown}
 e - 4 scrolls of remove curse {unknown}
 h - 2 scrolls of random uselessness {unknown}
 j - a scroll of enchant weapon {unknown}
 o - a scroll of teleportation {unknown}
Potions
 g - a potion of haste {unknown}
 i - 2 potions of curing {unknown}
 k - a potion of flight {unknown}
 l - a potion of brilliance {unknown}
 n - a potion of cancellation {unknown}
Comestibles
 c - 7 rations


   Skills:
 + Level 2.0 Fighting
 + Level 2.8 Dodging
 * Level 4.1 Unarmed Combat
 - Level 2.0 Spellcasting
 + Level 2.4 Transmutations


You had 4 spell levels left.
You knew the following spells:

 Your Spells              Type           Power        Failure   Level  Hunger
a - Beastly Appendage     Tmut           #.....       9%          1    #......
b - Sticks to Snakes      Tmut           #.......     13%         2    ###....

Your spell library contained the following spells:

 Spells                   Type           Power        Failure   Level  Hunger
 Spider Form              Tmut/Pois      #.........   38%         3    ###....
 Ice Form                 Ice/Tmut       #.......     80%         4    #####..
 Blade Hands              Tmut           #.........   93%         5    ######.


Dungeon Overview and Level Annotations

Branches:
Dungeon (2/15)

Altars:
Makhleb
Trog
Uskayaw
Vehumet

Annotations:
D:2 Sigmund


Innate Abilities, Weirdness & Mutations

You cannot wear most types of armour.
You are very stealthy in the water. (Stealth+)
You are amphibious.
You can wear up to eight rings at the same time.
You can use your tentacles to constrict eight enemies at once.
Your skin changes colour to match your surroundings (Stealth+).
Your rubbery body absorbs attacks. (AC +1, EV +1)


Message History

Sigmund is severely wounded.
You constrict Sigmund. The hobgoblin misses you. Sigmund misses you.
You tentacle-slap Sigmund but do no damage.
Sigmund is almost dead.
You constrict Sigmund. The hobgoblin misses you.
You barely miss Sigmund.
Sigmund is almost dead.
You constrict Sigmund.
Sigmund drinks a potion.
Sigmund is healed!
The hobgoblin completely misses you.
You tentacle-slap Sigmund. You squeeze Sigmund, but do no damage.
Sigmund is heavily wounded.
You constrict Sigmund.
Sigmund drinks a potion.
Sigmund is healed!
The hobgoblin hits you.
* * * LOW HITPOINT WARNING * * *
You tentacle-slap Sigmund. You squeeze Sigmund!
Sigmund is moderately wounded.
You constrict Sigmund. Sigmund casts a spell at you.
The puff of flame hits you.
You die...

#....###..###....#
###### ##.<...##.#
#####....# ##
#....#### _#
#........ ##
.#######..######
#.#...#......###
#@g#..#...(....#
#@.#.#.....##.#
##..##.>...##.#
##.#..#.....##.##
#...#.#.....##..#
#.#...#.#######.#
##.#.##.# #.#
##.##..# #.#
#....## #.# ######
#.###


You could see Sigmund and a hobgoblin.

Vanquished Creatures
  3 adders (D:2)
  2 worms (D:2)
  A dart slug (D:1)
  A leopard gecko (D:2)
  An orc (D:2)
  5 giant cockroaches
  11 goblins
  7 hobgoblins
  A quokka (D:2)
  A ball python (D:1)
  4 bats
  6 frilled lizards
  5 kobolds
  10 rats
58 creatures vanquished.

Notes
Turn   | Place    | Note
-------+----------+-------------------------------------------
     0 | D:1      | Hasart the Octopode Transmuter began the quest for the Orb.
     0 | D:1      | Reached XP level 1. HP: 13/13 MP: 3/3
   163 | D:1      | Reached XP level 2. HP: 17/18 MP: 5/5
   295 | D:1      | Learned a level 2 spell: Sticks to Snakes
   416 | D:1      | Reached XP level 3. HP: 12/23 MP: 6/6
  1129 | D:2      | Reached XP level 4. HP: 29/29 MP: 7/7
  1247 | D:2      | Reached skill level 4 in Unarmed Combat
  1284 | D:2      | Found a bloodstained altar of Trog.
  1318 | D:2      | Found a radiant altar of Vehumet.
  1666 | D:2      | Found a hide-covered altar of Uskayaw.
  1758 | D:2      | Noticed Sigmund
  1763 | D:2      | Found a burning altar of Makhleb.
  1773 | D:2      | Killed from afar by Sigmund

Levels and vault maps discovered:
D:1:      wander_arrival_peaceful_grave, layout_loops_ring, serial_glass,
          glass_columns_c, glass_columns_a, glass_columns_c, glass_columns_a,
          glass_columns_a, minmay_tetromino_i2
D:2:      layout_rooms, lemuel_coloured_pillars_altar, lemuel_crystal_altar,
          lemuel_round_altar, marbit_many_paths,
          chequers_ecumenical_altar_simple, uniq_sigmund

Skill      XL: |  1  2  3  4 |
---------------+-------------+-----
Unarmed Combat | 4 |  4.1
Fighting       | 2 |  2.0
Dodging        | |  2.8
Spellcasting   | |  2.0
Transmutations | |  2.4

Action                   |  1- 3 |  4- 6 || total
-------------------------+-------+-------++-------
Melee: Unarmed           |    89 |    52 ||   141
       Constrict         |    20 |    11 ||    31
       Tentacles         |     9 |    12 ||    21
       Punch             |     1 |     2 ||     3
 Stab: Sleeping          |     6 |     2 ||     8
  Eat: Chunk             |     1 |     2 ||     3
Armor: Skin              |     4 |     4 ||     8
Dodge: Dodged            |    59 |    28 ||    87

Table legend:
 A = Non-vault XP
 B = Vault XP
 C = Vault XP percentage of total XP
 D = Non-vault monster count
 E = Vault monster count
 F = Vault count percentage of total count
                 A         B        C        D         E       F
            +---------+---------+-------+---------+---------+-------
      Total |     134 |       0 |   0.0 |      58 |       0 |   0.0
            +---------+---------+-------+---------+---------+-------
        D:1 |      53 |       0 |   0.0 |      34 |       0 |   0.0
        D:2 |      81 |       0 |   0.0 |      24 |       0 |   0.0
            +---------+---------+-------+---------+---------+-------
